 Dungeon Crawl Stone Soup version 0.31.0-32-g396128a36d (webtiles) character file.

Game seed: 9859235158764406163

8554 monsoonserge the Grappler (level 11, -7/74 HPs)
             Began as a Gnoll Shapeshifter on Mar 28, 2024.
             Was a Priest of Elyvilon.
             Mangled by an orc warrior
             ... wielding a +0 long sword
              (12 damage)
             ... on level 9 of the Dungeon.
             The game lasted 00:35:07 (9479 turns).

monsoonserge the Grappler (Gnoll Shapeshifter)      Turns: 9479, Time: 00:35:08

Health: -7/74      AC:  4    Str: 20    XL:     11   Next: 32%
Magic:  20/20      EV: 15    Int: 13    God:    Elyvilon [***...]
Gold:   616        SH:  0    Dex: 12    Spells: 15/22 levels left

rFire   . .          .
                       - Unarmed
rCold   + . .        (no shield)
rNeg    + . .        i - melded +1 ring mail {rPois}
rPois   .            z - +0 helmet
rElec   .            P - +2 cloak {Will+}
rCorr   .            (no gloves)
SInv    .            (no boots)
Will    +....        (no amulet)
Stlth   +++          r - ring of Dofail {Wiz rF- rC+ rN+ Int+4}
HPRegen 0.32/turn    y - ring of protection from fire
MPRegen 0.17/turn

%: wizardry (x1)
@: maw-form
A: devouring maw, reduced hp, fangs 1, strong nose, distributed training
a: Begin Untransformation, Renounce Religion, Purification, Heal Other, Heal
Self


You were on level 9 of the Dungeon.
You worshipped Elyvilon.
Elyvilon was most pleased with you.
You were a creature with a mouth for a stomach.
You visited 2 branches of the dungeon, and saw 10 of its levels.

You collected 616 gold pieces.

Inventory:

Missiles
 A - 20 poisoned darts (quivered)
 F - 2 throwing nets
 I - 5 boomerangs
Armour
 i - a +1 ring mail of poison resistance (melded)
 l - a scarf of resistance
 z - a +0 helmet (worn)
 P - a +2 cloak of willpower (worn)
 Q - a scarf of repulsion
Jewellery
 r - the ring of Dofail (left hand) {Wiz rF- rC+ rN+ Int+4}
   (You found it on level 4 of the Dungeon)

   [ring of wizardry]

   Wiz:       It improves your spell success rate.
   Int+4:     It affects your intelligence (+4).
   rF-:       It makes you vulnerable to fire.
   rC+:       It protects you from cold.
   rN+:       It protects you from negative energy.
 y - a ring of protection from fire (right hand)
 J - a +4 ring of protection
 N - a ring of willpower
Talismans
 f - a serpent talisman
 u - the maw talisman "Suquatro" (active) {Str+2}
   (You found it on level 4 of the Dungeon)

   [maw talisman]

   Str+2:     It affects your strength (+2).
Wands
 v - a wand of iceblast (16)
 D - a wand of flame (16)
 E - a wand of mindburst (14)
 M - a wand of paralysis (9)
Scrolls
 a - a scroll of revelation {unknown}
 b - a scroll of silence
 c - 2 scrolls of vulnerability
 g - 5 scrolls of teleportation {unknown}
 h - 3 scrolls of amnesia
 j - 2 scrolls of fear
 k - 5 scrolls of fog
 p - a scroll of immolation {unknown}
 s - 2 scrolls of poison
 x - a scroll of enchant weapon {unknown}
 B - 3 scrolls of enchant armour
 C - 2 scrolls of noise {unknown}
 H - a scroll of blinking {unknown}
 K - a scroll of acquirement {unknown}
 R - a scroll of brand weapon {unknown}
Potions
 d - 3 potions of magic {unknown}
 e - a potion of invisibility
 m - 2 potions of might
 n - a potion of attraction {unknown}
 o - 2 potions of lignification
 q - a potion of degeneration {unknown}
 t - a potion of heal wounds {unknown}
 w - 2 potions of curing
 G - a potion of resistance {unknown}
 L - a potion of haste {unknown}
 O - a potion of brilliance {unknown}


   Skills:
 + Level 7.0 Fighting
 + Level 6.4 Short Blades
 + Level 6.4 Long Blades
 + Level 6.4 Axes
 + Level 6.4 Maces & Flails
 + Level 6.4 Polearms
 + Level 6.4 Staves
 + Level 6.4 Ranged Weapons
 + Level 6.4 Throwing
 + Level 6.4 Armour
 + Level 8.0 Dodging
 + Level 6.4 Stealth
 + Level 6.4 Shields
 + Level 9.3 Unarmed Combat
 + Level 6.4 Spellcasting
 + Level 5.3 Conjurations
 + Level 5.3 Hexes
 + Level 5.3 Summonings
 + Level 5.3 Necromancy
 + Level 5.3 Translocations
 + Level 5.3 Fire Magic
 + Level 5.3 Ice Magic
 + Level 5.3 Air Magic
 + Level 5.3 Earth Magic
 + Level 5.3 Alchemy
 + Level 7.0 Invocations
 + Level 6.4 Evocations
 + Level 8.9 Shapeshifting


You had 15 spell levels left.
You knew the following spells:

 Your Spells              Type           Power      Damage    Failure   Level
a - Blink                 Tloc           36%        N/A       1%          2
b - Lesser Beckoning      Tloc           36%        N/A       1%          2
c - Frozen Ramparts       Ice            36%        1d6       2%          3

Your spell library contained the following spells:

 Spells                   Type           Power      Damage    Failure   Level
 Freeze                   Ice            72%        1d8       1%          1
 Magic Dart               Conj           72%        1d6       1%          1
 Summon Small Mammal      Summ           72%        N/A       1%          1
 Call Imp                 Summ           36%        N/A       1%          2
 Momentum Strike          Conj/Tloc      36%        3d9       1%          2
 Sublimation of Blood     Necr           18%        N/A       1%          2
 Call Canine Familiar     Summ           18%        N/A       2%          3
 Hailstorm                Conj/Ice       18%        3d7       2%          3
 Petrify                  Alch/Erth      18%        N/A       8%          4
 Summon Blazeheart Golem  Fire/Summ      18%        N/A       8%          4
 Irradiate                Conj/Alch      9%         3d14      21%         5


Dungeon Overview and Level Annotations

Branches:
Dungeon (9/15)             Temple (1/1) D:7
   Lair: D:8-11         Orc: D:9-12

Altars:
Ashenzari
Cheibriados
Dithmenos
Elyvilon
Fedhas
Gozag
Hepliaklqana
Kikubaaqudgha
Makhleb
Nemelex Xobeh
Okawaru
Qazlal
Ru
Sif Muna
Trog
Uskayaw
Vehumet
Wu Jian
Xom
Yredelemnul
Zin
The Shining One


Innate Abilities, Weirdness & Mutations

You are a creature with a mouth for a stomach.
Your midsection houses a second, enormous mouth.
Your maximum health is decreased, since you lack skill for your form.
You have very sharp teeth.
Your uncanny sense of smell can sniff out nearby items.
Your experience applies equally to all skills.


Message History

You see here a +0 dagger.
An orc warrior, an orc priest and 6 orcs come into view.
Found 18 gold pieces.
Found a roughly hewn altar of Beogh.
The orc warrior shouts!
You hear a shout! x3; The orc shouts!
You hear a shout! x2
The orc shouts!
You hear a shout! x2; The orc shouts! x2; You hear a shout!
The orc moves out of view.
The orc shouts!
The orc priest shouts!
You hear a shout! x2
An orc warrior comes into view.
It is wielding a +0 glaive and wearing a +0 chain mail of fire resistance.
The orc warrior moves out of view.
An orc warrior and 9 orcs come into view.
The orc shouts! x2
An orc comes into view. It is wielding a +0 dagger.
The orc shouts!
The orc priest miscasts a cantrip.
The orc warrior attacks as it pursues you!
The orc warrior barely misses you.
The orc warrior hits you from afar with a +0 glaive!
The orc warrior attacks as it pursues you!
The orc warrior hits you with a +0 long sword!
You hit the orc warrior. You bite the orc warrior.
The orc warrior is moderately wounded.
You barely miss the orc warrior.
The orc warrior is moderately wounded.
You punch the orc!
You kill the orc!
The orc warrior hits you with a +0 long sword!
You hit the orc warrior.
You bite the orc warrior, but do no damage.
You bite the orc warrior.
The orc warrior is moderately wounded.
The orc warrior barely misses you. The orc warrior closely misses you.
You hit the orc warrior. You bite the orc warrior!
The orc warrior is severely wounded.
The orc warrior hits you with a +0 glaive!!
* * * LOW HITPOINT WARNING * * *
The orc warrior closely misses you.
The orc warrior hits you with a +0 glaive!
* * * LOW HITPOINT WARNING * * *
The orc warrior hits you with a +0 long sword!
You die...

...............<
...#.#..########
...#.#..........
##.#.#..########
.....#........#
.....#...####.#
....##...#..#.####
##'#)..)....#....##
...#.#.).##.#.##Wo#
...#.#.....######o#
#..#.#..####oooo..#
#..#.#..# #oooo###
#..'.#..#


#oooo ...###..# #.ooo ...#....# #oooo .#.#.##.# ##### .#.#.##.# #.# You could
see 2 orc warriors.

Vanquished Creatures
  A two-headed ogre (D:9)
  An arcanist (D:9)
  Joseph (D:8)
  Maurice (D:8)
  The ghost of KittyFluff the Ruffian, an amateur TrSh (D:5)
  A troll (D:9)
  A polar bear (D:9)
  A hornet (D:8)
  Sigmund (D:4)
  A shadow (D:9)
  A wyvern (D:7)
  10 yaks
  An unseen horror simulacrum (D:9)
  The ghost of monsoonserge the Cudgeller, an amateur OpCA of Ignis (D:4)
  Duvessa (Temple)
  A black bear (D:7)
  2 orc warriors (D:9)
  2 sky beasts
  4 ogres
  A wolf (D:9)
  A centaur (D:8)
  3 phantoms (D:5)
  3 kobold brigands
  5 bullfrogs
  2 gnoll sergeants
  4 scorpions
  Dowan (Temple)
  3 electric eels (D:9)
  2 howler monkeys
  6 hounds
  9 orc priests
  Crazy Yiuf (D:2)
  A bombardier beetle (D:5)
  2 jellies
  2 sleepcaps
  Ijyb (D:5)
  3 iguanas
  11 orc wizards
  2 centaur simulacra (D:9)
  Robin (D:5)
  11 gnolls
  3 adders
  3 shadow imps
  A white imp (D:9)
  2 howler monkey simulacra (D:9)
  An ufetubus (D:9)
  4 dart slugs
  3 ribbon worms
  27 orcs
  7 endoplasms
  2 giant cockroaches
  6 goblins
  14 hobgoblins
  19 jackals
  3 quokkas
  7 ball pythons
  2 bats
  A frilled lizard (D:1)
  29 kobolds
  5 rats
247 creatures vanquished.

Notes
Turn   | Place    | Note
-------+----------+-------------------------------------------
     0 | D:1      | monsoonserge the Gnoll Shapeshifter began the quest for the
                  | Orb.
     0 | D:1      | Reached XP level 1. HP: 17/17 MP: 1/1
   158 | D:1      | Reached XP level 2. HP: 16/23 MP: 2/2
   264 | D:1      | Reached XP level 3. HP: 13/28 MP: 3/3
   632 | D:2      | Reached skill level 1 in Invocations
   663 | D:2      | Found a runed translucent door.
   664 | D:2      | Noticed Crazy Yiuf
   788 | D:2      | Reached skill level 1 in Short Blades
   788 | D:2      | Reached skill level 1 in Long Blades
   788 | D:2      | Reached skill level 1 in Axes
   788 | D:2      | Reached skill level 1 in Maces & Flails
   788 | D:2      | Reached skill level 1 in Polearms
   788 | D:2      | Reached skill level 1 in Staves
   788 | D:2      | Reached skill level 1 in Ranged Weapons
   788 | D:2      | Reached skill level 1 in Throwing
   788 | D:2      | Reached skill level 1 in Armour
   788 | D:2      | Reached skill level 1 in Stealth
   788 | D:2      | Reached skill level 1 in Shields
   788 | D:2      | Reached skill level 1 in Spellcasting
   788 | D:2      | Reached skill level 1 in Evocations
   801 | D:2      | Reached XP level 4. HP: 34/34 MP: 5/5
  1144 | D:2      | Reached skill level 1 in Conjurations
  1144 | D:2      | Reached skill level 1 in Hexes
  1144 | D:2      | Reached skill level 1 in Summonings
  1144 | D:2      | Reached skill level 1 in Necromancy
  1144 | D:2      | Reached skill level 1 in Translocations
  1144 | D:2      | Reached skill level 1 in Fire Magic
  1144 | D:2      | Reached skill level 1 in Ice Magic
  1144 | D:2      | Reached skill level 1 in Air Magic
  1144 | D:2      | Reached skill level 1 in Earth Magic
  1144 | D:2      | Reached skill level 1 in Alchemy
  1303 | D:2      | Found a white marble altar of Elyvilon.
  1310 | D:2      | Became a worshipper of Elyvilon the Healer
  1618 | D:3      | Reached * piety under Elyvilon
  1729 | D:4      | Reached XP level 5. HP: 34/40 MP: 5/7
  1730 | D:4      | Identified the ring of Dofail {Wiz rF- rC+ rN+ Int+4}
  1738 | D:4      | Learned a level 2 spell: Blink
  1765 | D:4      | Found a transporter.
  1770 | D:4      | Noticed an ogre
  1771 | D:4      | Noticed monsoonserge's ghost (amateur OpCA)
  1772 | D:4      | Noticed an ogre
  1800 | D:4      | Noticed an ogre
  1805 | D:5      | Entered Level 5 of the Dungeon
  1831 | D:5      | Reached XP level 6. HP: 47/47 MP: 8/8
  1844 | D:5      | Reached skill level 5 in Dodging
  1952 | D:4      | Identified the maw talisman "Suquatro" {Str+2}
  1982 | D:4      | Reached ** piety under Elyvilon
  2073 | D:4      | Reached skill level 7 in Unarmed Combat
  2073 | D:4      | Reached XP level 7. HP: 29/52 MP: 10/10
  2892 | D:4      | Learned a level 2 spell: Lesser Beckoning
  2903 | D:4      | Noticed Sigmund
  2976 | D:5      | Noticed Robin
  3162 | D:5      | Killed Robin
  3245 | D:5      | Noticed a yak
  3246 | D:5      | Found a transporter.
  3250 | D:5      | Noticed KittyFluff's ghost (amateur TrSh)
  3251 | D:5      | Reached XP level 8. HP: 48/60 MP: 12/12
  3337 | D:5      | Noticed Ijyb
  3367 | D:5      | Killed Ijyb
  3491 | D:5      | Found a basalt altar of Yredelemnul.
  3589 | D:5      | Found a transporter.
  3643 | D:5      | Reached *** piety under Elyvilon
  4417 | D:7      | Reached XP level 9. HP: 34/66 MP: 14/14
  4846 | D:7      | Found a staircase to the Ecumenical Temple.
  4848 | D:7      | Noticed Duvessa
  4849 | D:7      | Noticed Dowan
  4854 | D:7      | Reached **** piety under Elyvilon
  4856 | Temple   | Entered the Ecumenical Temple
  4864 | Temple   | Killed Duvessa
  4865 | Temple   | Reached skill level 5 in Fighting
  4865 | Temple   | Killed Dowan
  5204 | D:7      | Found a snail-covered altar of Cheibriados.
  5717 | D:8      | Reached skill level 8 in Unarmed Combat
  5728 | D:8      | Reached skill level 5 in Invocations
  5892 | D:8      | Found a shadowy altar of Dithmenos.
  5893 | D:8      | Found a glowing silver altar of Zin.
  5893 | D:8      | Found a burning altar of Makhleb.
  5894 | D:8      | Found a radiant altar of Vehumet.
  5973 | D:8      | Learned a level 3 spell: Frozen Ramparts
  6102 | D:8      | Noticed Joseph
  6112 | D:8      | Killed Joseph
  6113 | D:8      | Reached skill level 5 in Short Blades
  6113 | D:8      | Reached skill level 5 in Long Blades
  6113 | D:8      | Reached skill level 5 in Axes
  6113 | D:8      | Reached skill level 5 in Maces & Flails
  6113 | D:8      | Reached skill level 5 in Polearms
  6113 | D:8      | Reached skill level 5 in Staves
  6113 | D:8      | Reached skill level 5 in Ranged Weapons
  6113 | D:8      | Reached skill level 5 in Throwing
  6113 | D:8      | Reached skill level 5 in Armour
  6113 | D:8      | Reached skill level 5 in Stealth
  6113 | D:8      | Reached skill level 5 in Shields
  6113 | D:8      | Reached skill level 5 in Spellcasting
  6113 | D:8      | Reached skill level 5 in Evocations
  6113 | D:8      | Reached XP level 10. HP: 48/76 MP: 17/17
  6360 | D:8      | Reached ***** piety under Elyvilon
  6475 | D:8      | Noticed Maurice
  6681 | D:4      | Killed Sigmund
  7046 | D:2      | Killed Crazy Yiuf
  7143 | D:4      | Found a transporter.
  7204 | D:4      | Killed monsoonserge's ghost
  7373 | D:5      | Killed KittyFluff's ghost
  7782 | D:8      | Paralysed by Maurice for 3 turns
  7785 | D:8      | Maurice stole 423 gold
  7789 | D:8      | Maurice stole a serpent talisman
  7791 | D:8      | Killed Maurice
  8090 | D:9      | Elyvilon protects you from harm!
  8359 | D:9      | Reached skill level 9 in Unarmed Combat
  8403 | D:9      | Reached skill level 5 in Conjurations
  8403 | D:9      | Reached skill level 5 in Hexes
  8403 | D:9      | Reached skill level 5 in Summonings
  8403 | D:9      | Reached skill level 5 in Necromancy
  8403 | D:9      | Reached skill level 5 in Translocations
  8403 | D:9      | Reached skill level 5 in Fire Magic
  8403 | D:9      | Reached skill level 5 in Ice Magic
  8403 | D:9      | Reached skill level 5 in Air Magic
  8403 | D:9      | Reached skill level 5 in Earth Magic
  8403 | D:9      | Reached skill level 5 in Alchemy
  8499 | D:9      | Reached XP level 11. HP: 71/83 MP: 20/20
  8546 | D:9      | Noticed an arcanist
  8564 | D:9      | Killed an arcanist
  9363 | D:9      | Noticed a two-headed ogre
  9372 | D:9      | Killed a two-headed ogre
  9479 | D:9      | Mangled by an orc warrior

Illustrated notes

Levels and vault maps discovered:
D:1:      onia_arrival_mini_maze_b, layout_basic
D:2:      layout_basic, basic_altar, minmay_circle_x, uniq_crazy_yiuf_cottage
D:3:      layout_basic, minmay_misc_feat_alley
D:4:      layout_basic, gammafunk_ghost_smash, uniq_sigmund
D:5:      layout_rooms, amcnicky_altar_gilded, gammafunk_ghost_arena,
          nicolae_goblin_pals
D:6:      layout_rooms
D:7:      layout_loops_corners, overflow_temple_1_default,
          minmay_temple_entry_grid, uniq_duvessa
D:8:      layout_loops_corners, grunt_temple_overflow_open, uniq_joseph,
          uniq_maurice
D:9:      cheibrodos_wizards_tower, layout_basic, special_room
          [special_room_orc], serial_ice, serial_ice_o, serial_ice_i,
          serial_ice_g, serial_ice_h, serial_ice_d, serial_ice_m
Temple:   nicolae_temple_slightly_damp_pantheon

Skill      XL: |  1  2  3  4  5  6  7  8  9 10 11 |
---------------+----------------------------------+-----
Invocations    | 1 2 3 4 5 6 7 |  7.0
Short Blades   | 1 2 3 5 6 |  6.4
Long Blades    | 1 2 3 5 6 |  6.4
Axes           | 1 2 3 5 6 |  6.4
Maces & Flails | 1 2 3 5 6 |  6.4
Polearms       | 1 2 3 5 6 |  6.4
Staves         | 1 2 3 5 6 |  6.4
Ranged Weapons | 1 2 3 5 6 |  6.4
Throwing       | 1 2 3 5 6 |  6.4
Armour         | 1 2 3 5 6 |  6.4
Stealth        | 1 2 3 5 6 |  6.4
Shields        | 1 2 3 5 6 |  6.4
Spellcasting   | 1 2 3 5 6 |  6.4
Evocations     | 1 2 3 5 6 |  6.4
Conjurations   | 1 2 3 4 5 |  5.3
Hexes          | 1 2 3 4 5 |  5.3
Summonings     | 1 2 3 4 5 |  5.3
Necromancy     | 1 2 3 4 5 |  5.3
Translocations | 1 2 3 4 5 |  5.3
Fire Magic     | 1 2 3 4 5 |  5.3
Ice Magic      | 1 2 3 4 5 |  5.3
Air Magic      | 1 2 3 4 5 |  5.3
Earth Magic    | 1 2 3 4 5 |  5.3
Alchemy        | 1 2 3 4 5 |  5.3
Fighting       | 3 4 5 6 7 |  7.0
Dodging        | 5 6 7 8 |  8.0
Unarmed Combat | 7 8 9 |  9.3
Shapeshifting  | 7 8 |  8.9

Action                     |  1- 3 |  4- 6 |  7- 9 | 10-12 || total
---------------------------+-------+-------+-------+-------++-------
  Melee: Unarmed           |    73 |   112 |   248 |   201 ||   634
         Bite              |     6 |     6 |     9 |    21 ||    42
         Punch             |     3 |     4 |     3 |     7 ||    17
         Constrict         |       |       |    39 |     7 ||    46
         Maw               |       |       |       |    41 ||    41
  Throw: Dart              |       |     4 |     8 |    31 ||    43
         Boomerang         |       |       |       |     7 ||     7
 Invoke: Heal Self         |       |       |       |    12 ||    12
  Evoke: Wand              |       |       |     1 |       ||     1
    Use: Potion            |     1 |       |       |       ||     1
         Scroll            |     2 |     1 |     1 |     6 ||    10
   Stab: Sleeping          |     2 |       |     4 |     3 ||     9
         Distracted        |       |       |     1 |     1 ||     2
 Armour: Animal skin       |    26 |       |       |       ||    26
         Skin              |    11 |       |    86 |   143 ||   240
         Ring mail         |    10 |    54 |    45 |       ||   109
  Dodge: Dodged            |    33 |    79 |   109 |   126 ||   347
   Form: Serpent           |       |       |     1 |     2 ||     3
         Flux              |       |       |     1 |     1 ||     2
         Maw               |       |       |       |     2 ||     2
